 Dungeon Crawl Stone Soup version 0.28.0-53-g5a82cb258f (webtiles) character file.

Game seed: 3474753062191566625

100 Infinimo the Cudgeller (level 4, 0/48 HPs)
             Began as an Ogre Gladiator on May 27, 2022.
             Succumbed to Crazy Yiuf's poison
             ... on level 3 of the Dungeon.
             The game lasted 00:05:06 (3632 turns).

Infinimo the Cudgeller (Ogre Gladiator)             Turns: 3632, Time: 00:05:07

Health: 0/48       AC:  3    Str: 17 (18) XL:     4   Next: 74%
Magic:  4/4        EV: 10    Int:  9 (11) God:
Gold:   95         SH:  0    Dex:  9 (10) Spells: 3/3 levels left

rFire   . . .      SeeInvis .   a - +1 flail
rCold   . . .      Faith    .   (no shield)
rNeg    . . .      Spirit   .   b - +0 robe
rPois   .          Reflect  .   c - +0 hat
rElec   .          Harm     .   (no cloak)
rCorr   .          Rampage  .   (gloves unavailable)
Will    .....                   (boots unavailable)
Stlth   +.........              (no amulet)
HPRegen 0.16/turn               (no ring)
MPRegen 0.09/turn               (no ring)

@: lethally poisoned (0 -> -8), hasted, very quick
A: large, unfitting armour, tough skin 1
a: no special abilities


You were on level 3 of the Dungeon.
You visited 1 branch of the dungeon, and saw 3 of its levels.

You collected 95 gold pieces.

Inventory:

Hand Weapons
 a - a +1 flail (weapon)
Missiles
 e - 8 poisoned darts (quivered)
Armour
 b - a +0 robe (worn)
 c - a +0 hat (worn)
Wands
 d - a wand of iceblast (8)
Scrolls
 g - a scroll of holy word {unknown}
 h - a scroll of identify
Potions
 f - a potion of haste


   Skills:
 + Level 3.9 Fighting
 * Level 3.9 Maces & Flails
 - Level 2.0 Throwing
 + Level 3.3 Dodging


You had 3 spell levels left.
You didn't know any spells.
Your spell library contained the following spells:

 Spells                   Type           Power      Damage    Failure   Level
 Foxfire                  Conj/Fire      0%         2x1d4     38%         1
 Conjure Flame            Conj/Fire      0%         6-21      77%         3
 Inner Flame              Hex/Fire       0%         N/A       77%         3
 Flame Wave               Conj/Fire      0%         2d4       99%         4


Dungeon Overview and Level Annotations

Branches:
Dungeon (3/15)

Altars:

Annotations:
D:3 Crazy Yiuf


Innate Abilities, Weirdness & Mutations

You are too large for most types of armour.
You have tough skin. (AC +1)


Message History

You feel very sick.
You feel very sick.
You feel sick.
You feel sick.
You feel sick.
You feel sick.
You feel sick.
You feel sick.
You feel sick.
You are no longer poisoned.
Crazy Yiuf says, "Mountain!
Castle sanguine mobile."
Throw: 9 darts (poison)
Press: ? - help, Q - select action, (/) - cycle Shift-Dir - straight line, f/p - Crazy Yiuf
Aim: Crazy Yiuf, wielding a +2 quarterstaff of chaos and wearing a +0 cloak (moderately wounded, 61% to hit)
You throw a poisoned dart. The poisoned dart hits Crazy Yiuf.
Crazy Yiuf is poisoned.
Crazy Yiuf is moderately wounded.
Crazy Yiuf says, "Cake high arga!"
Crazy Yiuf says, "Mugger!"
Crazy Yiuf laughs, "Millenium dark shoe!"
Crazy Yiuf hits you with a +2 quarterstaff of chaos!
You are lethally poisoned!
* * * LOW HITPOINT WARNING * * *
You feel very sick.
Okay, then.
It was a potion of haste.
You feel yourself speed up.
* * * LOW HITPOINT WARNING * * *
You feel very sick. Crazy Yiuf barely misses you.
Okay, then.
* * * LOW HITPOINT WARNING * * *
You feel sick.
* * * LOW HITPOINT WARNING * * *
You feel sick.
It was a potion of degeneration.
There was something very wrong with that liquid.
You feel weakened.
You feel dopey.
You feel clumsy.
* * * LOW HITPOINT WARNING * * *
You feel sick.
You die...

..#.......#.#..#.#### #...##.#
..........#.<.#..# ###.#..#.##
)............#..#######...##.#...
.............#.###......#.##.....
.................#.....##.##.....
..........#....#.#....###.#..##..
......................#.....##...
..........##..##...........###...
.........###...)@.g....######....
..#.............##.#...# #.†.....
###.#.......###.##.....###.####.#
###.#........##.#..........# #..
......################....#####..
......# #(...##..... ..#####
#.......##.. #.# ###
♣♣##.....#..... ..# #)..#♣♣
♣♣..............


You could see Crazy Yiuf (poisoned).

Vanquished Creatures
  An adder (D:3)
  A worm (D:2)
  2 dart slugs
  2 orcs (D:3)
  9 ball pythons
  4 endoplasms
  6 giant cockroaches
  8 goblins
  6 hobgoblins
  11 jackals
  4 quokkas (D:2)
  6 bats
  5 frilled lizards
  5 kobolds
  2 rats (D:1)
72 creatures vanquished.

Notes
Turn   | Place    | Note
-------+----------+-------------------------------------------
     0 | D:1      | Infinimo the Ogre Gladiator began the quest for the Orb.
     0 | D:1      | Reached XP level 1. HP: 22/22 MP: 1/1
   293 | D:1      | Reached XP level 2. HP: 29/31 MP: 2/2
   872 | D:1      | Found a faded altar of an unknown god.
   887 | D:1      | Reached XP level 3. HP: 37/37 MP: 3/3
  2822 | D:2      | Reached XP level 4. HP: 39/45 MP: 4/4
  3414 | D:3      | Found a runed translucent door.
  3415 | D:3      | Noticed Crazy Yiuf
  3631 | D:3      | HP: 1/48 [poisoned by Crazy Yiuf]
  3632 | D:3      | Succumbed to Crazy Yiuf's poison

Illustrated notes

Levels and vault maps discovered:
D:1:      amcnicky_arrival_gap_in_the_tavern_cellar, layout_basic,
          ebering_ecumenical_altar_mist
D:2:      layout_basic, minmay_cut_off
D:3:      layout_rooms, uniq_crazy_yiuf_cottage

Skill      XL: |  1  2  3 |
---------------+----------+-----
Fighting       | 3 |  3.9
Maces & Flails | 3 |  3.9
Dodging        | 3 |  3.3
Throwing       | |  2.0

Action                   |  1- 3 |  4- 6 || total
-------------------------+-------+-------++-------
Melee: Flail             |   175 |    58 ||   233
       Punch             |     1 |     2 ||     3
Throw: Dart              |       |    14 ||    14
       Throwing net      |       |     3 ||     3
  Use: Scroll            |     3 |       ||     3
       Potion            |     2 |     2 ||     4
Armor: Robe              |    65 |    27 ||    92
Dodge: Dodged            |   123 |    41 ||   164
